 Dungeon Crawl Stone Soup version 0.23-a0-356-g1757c6e (webtiles) character file.

44 Cryolive the Digger (level 3, -1/19 HPs)
             Began as a Gargoyle Earth Elementalist on Oct 21, 2018.
             Slain by a goblin
             ... wielding a +2 dagger of speed
             ... led by Robin
              (5 damage)
             ... on level 2 of the Dungeon.
             The game lasted 00:03:46 (1207 turns).

Cryolive the Digger (Gargoyle Earth Elementalist)   Turns: 1207, Time: 00:03:46

Health: -1/19      AC: 10    Str: 11    XL:     3   Next: 62%
Magic:  1/7        EV: 12    Int: 16    God:
Gold:   3          SH:  0    Dex: 10    Spells: 6/7 levels left

rFire    . . .     SeeInvis .   p - +0 whip
rCold    . . .     Gourm    .   (no shield)
rNeg     + . .     Faith    .   c - +0 robe
rPois    ∞         Spirit   .   l - +1 helmet
rElec    +         Reflect  .   (no cloak)
rCorr    .         Harm     .   e - +0 pair of gloves (curse)
MR       .....                  q - +1 pair of boots
Stlth    ++........             (no amulet)
HPRegen  0.06/turn              (no ring)
MPRegen  0.10/turn              (no ring)

@: no status effects
A: negative energy resistance 1, electricity resistance, unbreathing,
petrification resistance, rot immunity, AC +3
a: no special abilities


You were on level 2 of the Dungeon.
You were not hungry.

You visited 1 branch of the dungeon, and saw 2 of its levels.

You collected 3 gold pieces.

Inventory:

Hand Weapons
 p - a +0 whip (weapon)
Missiles
 b - 40 stones (quivered)
Armour
 c - a +0 robe (worn)
 e - a cursed +0 pair of gloves (worn)
 l - a +1 helmet (worn)
 o - a +0 pair of boots
 q - a +1 pair of boots (worn)
Jewellery
 j - an uncursed ring of ice {unknown}
Scrolls
 a - 2 scrolls of remove curse {unknown}
 k - a scroll of blinking {unknown}
 n - 2 scrolls of identify {unknown}
Potions
 f - a potion of flight {unknown}
 g - a potion of mutation {unknown}
 h - 3 potions of brilliance {unknown}
 i - 2 potions of curing {unknown}
 m - a potion of cancellation {unknown}
Comestibles
 d - 3 rations


   Skills:
 - Level 1.5 Dodging
 - Level 2.1 Stealth
 + Level 2.9 Spellcasting
   Level 0.7 Transmutations
 + Level 4.6 Earth Magic


You had 6 spell levels left.
You knew the following spells:

 Your Spells              Type           Power        Failure   Level  Hunger
a - Sandblast             Erth           ###...       2%          1    #......

Your spell library contained the following spells:

 Spells                   Type           Power        Failure   Level  Hunger
 Passwall                 Tmut/Erth      ##......     10%         2    ##.....
 Stone Arrow              Conj/Erth      #.....       22%         3    ###....
 Petrify                  Tmut/Erth      ##......     52%         4    #####..
 Lee's Rapid Deconstruct  Erth           ###.......   61%         5    ######.


Dungeon Overview and Level Annotations

Branches:
Dungeon (2/15)

Altars:


Innate Abilities, Weirdness & Mutations

You are resistant to torment.
Your stone body is resilient. (AC +3)
You are immune to poison.
You resist negative energy. (rN+)
You are resistant to electric shocks. (rElec)
You can survive without breathing.
You are immune to petrification.
You are immune to rotting.


Message History

Ye hit tha adder but do nay damage.
Tha adder be moderately wounded.
Tha adder closely misses ye.
Tha adder bites ye but does nay damage.
Tha goblin hits ye but does nay damage.
Ye hit tha adder.
Tha adder be severely wounded.
Tha adder closely misses ye.
Tha goblin hits ye but does nay damage.
Ye miss tha adder.
Tha adder be severely wounded.
Tha adder bites ye.
* * * LOW HITPOINT WARNIN'
* * * Tha goblin completely misses ye.
Tha adder bites ye but does nay damage.
Ye hit tha adder.
Ye kill tha adder!
Tha goblin barely misses ye.
Ye barely miss tha goblin.
Tha goblin nay longer looks unusu'lly strong.
Tha goblin barely misses ye.
Tha goblin hits ye wit' a +2 dagger o' speed.
Ye die...

.......'....'.........##
#####.##....#########..#
.####.####### ##.## .#....#
#..# <#.#### ##.# .#.# #.# .#.#
#.#
.#.####################.######
...........ggggg@g%<.(.........
.#.#####.....##########..######
.#.# #.... ##.# .#.# #... ..#
.#.# #g. #.# .#.# #g .$ .#.# #
#.# .#.# .# .#.#


You could see 6 goblins.

Vanquished Creatures
  Robin (D:2)
  An adder (D:2)
  A worm (D:2)
  A dart slug (D:1)
  2 bats
  2 hobgoblins
  A kobold (D:1)
  A quokka (D:2)
  7 goblins
  2 rats
19 creatures vanquished.

Notes
Turn   | Place    | Note
-------+----------+-------------------------------------------
     0 | D:1      | Cryolive the Gargoyle Earth Elementalist began the quest
                  | for the Orb.
     0 | D:1      | Reached XP level 1. HP: 10/10 MP: 3/3
   182 | D:1      | You fall through a shaft!
   683 | D:1      | Reached skill level 4 in Earth Magic
   683 | D:1      | Reached XP level 2. HP: 11/15 MP: 5/5
  1170 | D:2      | Noticed Robin
  1187 | D:2      | Reached XP level 3. HP: 9/19 MP: 1/6
  1200 | D:2      | Killed Robin
  1207 | D:2      | Slain by a goblin

Vault maps used:
D:1:      mrwooster_arrival_arrow, item_on_display_a
D:2:      minmay_diamond_boxcup, first_ration, uniq_robin

Skill      XL: |  1 |
---------------+----+-----
Earth Magic    | 4 |  4.6
Dodging        | |  1.5
Stealth        | |  2.1
Spellcasting   | |  2.9
Transmutations | |  0.7

Action                   || total
-------------------------++-------
Melee: Whip              ||    67
       Short sword       ||     5
       Club              ||     1
       Unarmed           ||     1
 Cast: Sandblast         ||    11
 Stab: Sleeping          ||     1
  Eat: Ration            ||     1
Armor: Robe              ||    55
Dodge: Dodged            ||    61

Table legend:
 A = Non-vault XP
 B = Vault XP
 C = Vault XP percentage of total XP
 D = Non-vault monster count
 E = Vault monster count
 F = Vault count percentage of total count
                 A         B        C        D         E       F
            +---------+---------+-------+---------+---------+-------
      Total |      39 |      25 |  39.1 |      13 |       6 |  31.6
            +---------+---------+-------+---------+---------+-------
        D:1 |      13 |       0 |   0.0 |       6 |       0 |   0.0
        D:2 |      26 |      25 |  49.0 |       7 |       6 |  46.2
            +---------+---------+-------+---------+---------+-------
